 Dungeon Crawl Stone Soup version 0.23.0 (webtiles) character file.

Game seed: 7790148645318869626

14 EnegeticOcto the Stinger (level 2, -1/23 HPs)
             Began as a Ghoul Venom Mage on Feb 9, 2019.
             Slain by an adder (2 damage)
             ... on level 2 of the Dungeon.
             The game lasted 00:01:26 (1002 turns).

EnegeticOcto the Stinger (Ghoul Venom Mage)         Turns: 1002, Time: 00:01:26

Health: -1/23      AC:  6    Str: 10 (11) XL:     2   Next: 45%
Magic:  3/3        EV: 16    Int: 13 (15) God:
Gold:   89         SH:  3    Dex: 14      Spells: 3/4 levels left

rFire    . . .     SeeInvis .     - Unarmed
rCold    + . .     Gourm    .   d - +0 buckler
rNeg     + + +     Faith    .   g - +0 ring mail
rPois    ∞         Spirit   .   (no helmet)
rElec    .         Reflect  .   k - +0 cloak
rCorr    .         Harm     .   (no gloves)
MR       .....                  (no boots)
Stlth    ++........             (no amulet)
HPRegen  0.00/turn              f - +2 ring of evasion
MPRegen  0.08/turn              (no ring)

@: brilliant, agile, rotting
A: rotting body, claws 1, carnivore, cold resistance 1, negative energy
resistance 3, inhibited regeneration, torment resistance, unbreathing
a: no special abilities


You were on level 2 of the Dungeon.
You were not hungry.

You visited 1 branch of the dungeon, and saw 2 of its levels.

You collected 89 gold pieces.

Inventory:

Armour
 d - a +0 buckler (worn)
 g - a +0 ring mail (worn)
 k - a +0 cloak (worn)
Jewellery
 f - a +2 ring of evasion (left claw)
Scrolls
 b - a scroll of enchant weapon {unknown}
 e - 4 scrolls of identify {unknown}
 h - 2 scrolls of remove curse {unknown}
Potions
 l - a potion of degeneration {unknown}
Comestibles
 c - 5 rations


   Skills:
 + Level 1.4 Fighting
 - Level 1.7 Dodging
 - Level 2.1 Stealth
 + Level 1.4 Unarmed Combat
 - Level 1.7 Spellcasting
 - Level 0.7 Conjurations
 - Level 3.0 Poison Magic


You had 3 spell levels left.
You knew the following spells:

 Your Spells              Type           Power        Failure   Level  Hunger
a - Sting                 Conj/Pois      ##..         6%          1    ##.....

Your spell library contained the following spells:

 Spells                   Type           Power        Failure   Level  Hunger
 Poisonous Vapours        Pois/Air       ##....       11%         2    ###....
 Mephitic Cloud           Conj/Pois/Air  ##......     21%         3    ####...
 Olgreb's Toxic Radiance  Pois           ###.....     30%         4    #####..
 Venom Bolt               Conj/Pois      ##........   75%         5    ######.


Dungeon Overview and Level Annotations

Branches:
Dungeon (2/15)

Altars:


Innate Abilities, Weirdness & Mutations

Your body is rotting away.
You thrive on raw meat.
You are immune to poison.
You have sharp fingernails.
You are carnivorous and can eat meat at any time.
Your flesh is cold resistant. (rC+)
You are immune to negative energy. (rN+++)
You do not regenerate when monsters are visible.
You are immune to unholy pain and torment.
You can survive without breathing.


Message History

The adder is heavily wounded.
The adder bites you but does no damage. The adder bites you.
* * * LOW HITPOINT WARNING * * *
It was a potion of mutation.
You feel extremely strange.
Your body decomposes!
You feel dopey.
Your body decomposes!
You feel dopey.
Your body decomposes!
You feel weakened. You block the adder's attack.
Your magical contamination has completely faded away.
It was a potion of agility.
You feel agile all of a sudden. The adder bites you.
* * * LOW HITPOINT WARNING * * *
It was a potion of brilliance.
You feel clever all of a sudden. The adder misses you. The adder bites you.
You die...

##................#
.....................
....##..#####.##+####
...................
..................
.................#.
........#####.##.#+
...................
..........S@..##
.........(.........
##+#.......##.##...
##+#+##.# .# . #.# #
+.. ####


You could see an adder.

Vanquished Creatures
  A dart slug (D:1)
  3 giant cockroaches (D:1)
  A hobgoblin (D:1)
  4 kobolds
  4 frilled lizards
13 creatures vanquished.

Notes
Turn   | Place    | Note
-------+----------+-------------------------------------------
     0 | D:1      | EnegeticOcto the Ghoul Venom Mage began the quest for the
                  | Orb.
     0 | D:1      | Reached XP level 1. HP: 14/14 MP: 2/2
    39 | D:1      | Reached skill level 1 in Fighting
    39 | D:1      | Reached skill level 1 in Unarmed Combat
   281 | D:1      | Reached XP level 2. HP: 22/23 MP: 3/3
  1001 | D:2      | HP: 1/23 [adder (4)]
  1002 | D:2      | Slain by an adder

Skill      XL: |  1 |
---------------+----+-----
Fighting       | 1 |  1.4
Unarmed Combat | 1 |  1.4
Dodging        | |  1.7
Stealth        | |  2.1
Spellcasting   | |  1.7
Conjurations   | |  0.7
Poison Magic   | |  3.0

Action                   || total
-------------------------++-------
Melee: Unarmed           ||    90
 Cast: Sting             ||     2
  Use: Potion            ||     3
  Eat: Chunk             ||     5
Armor: Ring mail         ||    29
Dodge: Dodged            ||    52
Block: Buckler           ||     5
